 Dungeon Crawl Stone Soup version 0.23.2-33-g5129a83184 (webtiles) character file.

Game seed: 16905537240231606756

61735 Ge0ff the Geomancer (level 15, -20/95 HPs)
             Began as a Gargoyle Earth Elementalist on June 29, 2019.
             Was an Elder of Makhleb.
             Demolished by a very large slime creature (55 damage)
             ... on level 14 of the Dungeon.
             The game lasted 01:49:08 (23076 turns).

Ge0ff the Geomancer (Gargoyle Earth Elementalist)  Turns: 23076, Time: 01:49:08

Health: -20/95     AC: 16    Str: 13    XL:     15   Next: 3%
Magic:  1/29       EV: 12    Int: 25    God:    Makhleb [****..]
Gold:   879        SH:  0    Dex: 10    Spells: 13/34 levels left

rFire    . . .     SeeInvis .   t - +2 lajatang (distort)
rCold    + . .     Gourm    .   (shield currently unavailable)
rNeg     + . .     Faith    .   d - +0 robe {MR+}
rPois    ∞         Spirit   .   I - +0 helmet
rElec    +         Reflect  .   z - scarf {repulsion}
rCorr    .         Harm     .   R - +0 pair of gloves
MR       ++...                  (no boots)
Stlth    +++.......             U - amulet of magic regeneration
HPRegen  0.25/turn              G - ring of protection from cold
MPRegen  0.46/turn              h - +4 ring of intelligence {=R}

@: flying, repel missiles
A: big wings, negative energy resistance 1, electricity resistance, unbreathing,
petrification resistance, rot immunity, AC +11
a: Stop Flying, Minor Destruction, Lesser Servant of Makhleb, Major Destruction,
Renounce Religion


You were on level 14 of the Dungeon.
You worshipped Makhleb.
Makhleb was greatly pleased with you.
You were not hungry.

You visited 3 branches of the dungeon, and saw 18 of its levels.
You visited the Abyss 1 time.

You collected 1868 gold pieces.
You spent 989 gold pieces at shops.

Inventory:

Hand Weapons
 a - the +9 war axe of Quantum Leap {venom, Int+7, don't train}
   (You found it on level 10 of the Dungeon)

   It poisons the flesh of those it strikes.
   It affects your intelligence (+7).
 b - a +1 quarterstaff of protection
 t - a +2 lajatang of distortion (weapon)
 u - a +1 demon trident of electrocution {don't train}
 w - a +0 blowgun {don't train}
 N - a +3 scimitar of flaming {don't train}
Missiles
 A - 6 curare-tipped needles
 D - 180 bolts
 X - 283 arrows
Armour
 d - a +0 robe of magic resistance (worn)
 g - a +2 robe of positive energy
 l - the +0 cloak of Hepliaklqana {-Tele Int+7}
   (You acquired it on level 12 of the Dungeon)

   It affects your intelligence (+7).
   It prevents most forms of teleportation.
 y - a +2 leather armour of cold resistance
 z - a scarf of repulsion (worn)
 B - a +2 troll leather armour {Snorg}
 I - a +0 helmet (worn)
 J - +0 acid dragon scales
 O - a +2 robe of the Archmagi
 R - a +0 pair of gloves (worn)
Jewellery
 h - a +4 ring of intelligence (right hand) {=R}
 n - an uncursed ring of fire
 G - a ring of protection from cold (left hand)
 K - an uncursed ring of ice
 U - an amulet of magic regeneration (around neck)
Wands
 e - a wand of enslavement (7)
 j - a wand of acid (11)
 k - a wand of iceblast (5)
 p - a wand of paralysis (5)
 x - a wand of random effects (15)
 P - a wand of polymorph (16)
Scrolls
 s - 7 scrolls of enchant weapon
 C - 6 scrolls of remove curse
 E - 2 scrolls of fear
 F - 2 scrolls of fog
 T - 2 scrolls of teleportation
 V - a scroll of vulnerability
 Y - 2 scrolls of amnesia
Potions
 m - a potion of invisibility {unknown}
 o - 2 potions of ambrosia
 q - a potion of curing
 H - 3 potions of haste {!q}
 L - 5 potions of lignification
 M - 2 potions of might
 Q - 3 potions of agility
 S - a potion of flight {unknown}
 W - a potion of heal wounds {!q}
 Z - 2 potions of berserk rage {!q}
Comestibles
 r - 23 rations


   Skills:
 + Level 11.2 Fighting
 + Level 7.4 Staves
 - Level 5.0 Armour
 - Level 1.5 Dodging
 - Level 5.0 Stealth
 + Level 10.2 Spellcasting
 - Level 10.0 Conjurations
 - Level 5.0 Transmutations
 + Level 14.0 Earth Magic
 + Level 11.4 Invocations
 - Level 3.0 Evocations


You had 13 spell levels left.
You knew the following spells:

 Your Spells              Type           Power        Failure   Level  Hunger
h - Lee's Rapid Deconstr  Erth           ######....   1%          5    ####...
j - Petrify               Tmut/Erth      ######..     1%          4    None
k - Stone Arrow           Conj/Erth      ######       1%          3    None
m - Sandblast             Erth           ######       0%          1    None
n - Iskenderun's Mystic   Conj           ######..     1%          4    None
s - Sticks to Snakes      Tmut           #####...     1%          2    None
w - Passwall              Tmut/Erth      ######..     1%          2    None

Your spell library contained the following spells:

 Spells                   Type           Power        Failure   Level  Hunger
 Beastly Appendage        Tmut           #####.       1%          1    None
 Magic Dart               Conj           ####         1%          1    None
 Searing Ray              Conj           ######       1%          2    None
 Dazzling Spray           Conj/Hex       #####.       1%          3    None
 Spider Form              Tmut/Pois      ####......   5%          3    None
 Force Lance              Conj/Tloc      #####...     6%          4    None
 Fulminant Prism          Conj/Hex       #####.....   6%          4    None
 Ice Form                 Ice/Tmut       ####....     17%         4    None
 Blade Hands              Tmut           #####.....   17%         5    ####...


Dungeon Overview and Level Annotations

Branches:
Dungeon (15/15)            Temple (1/1) D:4            Lair (0/6) D:8
    Orc (2/2) D:11            Elf (0/3) Orc:2        Vaults (0/5) D:13
 Depths (0/5) D:15

Altars:
Ashenzari
Cheibriados
Dithmenos
Elyvilon
Fedhas
Gozag
Hepliaklqana
Kikubaaqudgha
Makhleb
Nemelex Xobeh
Okawaru
Qazlal
Ru
Sif Muna
Trog
Uskayaw
Vehumet
Wu Jian
Xom
Yredelemnul
Zin
The Shining One

Shops:
D:4 (   D:8 }   D:14 *   Orc:2 (=[*

Annotations:
D:8 exclusion: downstairs
D:15 exclusion: door
Orc:1 Efelesua's ghost, journeyman MiBe


Innate Abilities, Weirdness & Mutations

You are resistant to torment.
Your stone body is resilient. (AC +11)
You are immune to poison.
Your large and strong wings let you fly indefinitely.
You resist negative energy. (rN+)
You are resistant to electric shocks. (rElec)
You can survive without breathing.
You are immune to petrification.
You are immune to rotting.


Message History

Casting: Lee's Rapid Deconstruction (safe; 1% risk of failure)
Confirm with . or Enter, or press ? or * to list all spells.
Aiming: Lee's Rapid Deconstruction (safe; 1% risk of failure)
Press: ? - help, Dir - move target cursor A rock wall.
The wall shatters!
The blast of rock fragments hits the very large slime creature!
The very large slime creature is almost dead.
The very large slime creature hits you!!!
Casting: Lee's Rapid Deconstruction (safe; 1% risk of failure)
Confirm with . or Enter, or press ? or * to list all spells.
Aiming: Lee's Rapid Deconstruction (safe; 1% risk of failure)
Press: ? - help, Dir - move target cursor A rock wall.
The wall shatters!
The blast of rock fragments hits the very large slime creature!!
The very large slime creature is almost dead.
The very large slime creature hits you!!!
Ouch! That really hurt!
You die...

................................#
#######..#######[#.###########..#
#..# #[#.# #..# #..# #[#.# #..#
#..# #)#.# #..# #..# #.#.# #..#
#######..# #.#.# #..#
.........#######.#.###########..#
)..............J@...............#
########..######.#.############.#
#..# #.#.# #.# #..# #.#.# #.#
#..# #.#.# #.# #..# #.#.# #.#
########..######.#.############.#
................................#
################.#.##############


You could see a very large slime creature.

Vanquished Creatures
  A tentacled starspawn (Abyss:2)
  A fire giant (D:15)
  2 vault guards (D:13)
  A hydra (D:11)
  A death knight (D:12)
  5 two-headed ogres
  A tengu warrior (D:13)
  3 orc high priests (Orc:2)
  2 ogre magi
  The ghost of H0rd4k the Eclecticist, a journeyman DEWz of Sif Muna (D:10)
  A slime creature (D:15)
  Sonja (D:10)
  Nergalle (D:11)
  7 skeletal warriors
  A glowing orange brain (Abyss:2)
  4 unseen horrors
  2 wizards
  3 orc sorcerers (Orc:2)
  5 orc knights
  2 manticores
  8 deep elf magi
  3 cyclopes
  4 ugly things
  A guardian serpent (shapeshifter) (D:14)
  2 smoke demons (Abyss:3)
  3 gargoyles
  A black mamba (shapeshifter) (Abyss:2)
  An efreet (D:11)
  A demonic crawler (Abyss:2)
  A yaktaur (D:13)
  An ancient zyme (Abyss:2)
  A tengu conjurer (D:13)
  A jumping spider (shapeshifter) (D:15)
  A meliai (D:11)
  A hornet (D:11)
  5 trolls
  7 raiju
  A meliai zombie (D:14)
  2 hippogriffs
  3 wraiths
  5 shadows
  A spriggan (D:9)
  A ynoxinul (Abyss:3)
  2 wyverns
  9 yaks
  2 fire bats (Abyss:3)
  2 hungry ghosts
  2 chaos spawn
  A basilisk (D:15)
  2 neqoxecs
  4 vampire mosquitoes (D:13)
  6 wargs
  3 acid dragons
  A water moccasin (D:8)
  2 large abominations
  A porcupine (D:8)
  3 ice beasts
  2 black bears (D:8)
  20 orc warriors
  An eye of draining (D:12)
  A phantom (D:9)
  4 sky beasts
  17 ogres
  3 centaurs
  5 small abominations
  2 crocodiles
  3 big kobolds
  2 gnoll sergeants (D:5)
  12 bullfrogs
  6 scorpions
  A wyvern skeleton (D:14)
  13 killer bees
  A howler monkey (D:10)
  23 wights
  5 crimson imps
  2 bullfrog zombies
  2 quasits
  2 centaur zombies
  8 orc priests
  9 hounds
  4 jellies
  14 orc wizards
  3 bullfrog skeletons
  7 centaur skeletons
  Jessica (D:2)
  An iguana (D:7)
  8 worker ants
  A centaur simulacrum (Abyss:3)
  Robin (D:2)
  12 adders
  9 gnolls (D:5)
  2 shadow imps
  A white imp (Abyss:2)
  2 ufetubi (Abyss:3)
  An ooze (D:1)
  An adder skeleton (D:4)
  6 worms
  3 dart slugs
  4 leopard geckos
  54 orcs
  6 bats
  5 bat zombies (D:7)
  3 giant cockroaches
  20 goblins
  5 hobgoblins
  8 jackals (D:5)
  5 quokkas
  2 ball pythons (D:2)
  3 frilled lizards
  A giant cockroach zombie (D:6)
  A jackal skeleton (D:8)
  13 kobolds
  A leopard gecko skeleton (D:8)
  A leopard gecko zombie (D:5)
  3 quokka skeletons
  12 rats
  A rat zombie (D:7)
509 creatures vanquished.

Vanquished Creatures (collateral kills)
  Donald (Orc:2)
  An orc warlord (Orc:2)
  Snorg (D:11)
  Erica (D:8)
  A skeletal warrior (D:14)
  A wretched star (Abyss:3)
  An orc knight (Orc:1)
  3 deep elf magi (D:12)
  2 ugly things (D:15)
  An ancient zyme (Abyss:2)
  3 trolls
  A wyvern (D:11)
  2 yaks (D:10)
  A warg (Orc:2)
  3 orc warriors
  A sky beast (D:9)
  An ogre (D:9)
  A gnoll sergeant (D:5)
  A scorpion (D:11)
  2 killer bees (D:11)
  A wight (D:11)
  A bullfrog zombie (D:11)
  A hound (D:11)
  2 orc wizards (D:11)
  3 adders
  5 orcs
  2 kobolds (D:9)
44 creatures vanquished.

Vanquished Creatures (others)
  An orc warrior (Orc:1)
  A hound (D:5)
  7 fungi
  2 plants (D:8)
  2 starspawn tentacles (Abyss:2)
13 creatures vanquished.

Grand Total: 566 creatures vanquished

Notes
Turn   | Place    | Note
-------+----------+-------------------------------------------
     0 | D:1      | Ge0ff the Gargoyle Earth Elementalist began the quest for
                  | the Orb.
     0 | D:1      | Reached XP level 1. HP: 10/10 MP: 3/3
   223 | D:1      | Reached skill level 4 in Earth Magic
   223 | D:1      | Reached XP level 2. HP: 15/15 MP: 1/5
  1060 | D:2      | Reached XP level 3. HP: 20/20 MP: 6/6
  1062 | D:2      | Noticed Robin
  1316 | D:2      | Learned a level 3 spell: Stone Arrow
  1329 | D:2      | Found a hazy altar of Hepliaklqana.
  1365 | D:2      | Reached skill level 1 in Fighting
  1515 | D:2      | Reached XP level 4. HP: 25/25 MP: 5/7
  1881 | D:2      | Noticed Jessica
  1895 | D:2      | Killed Jessica
  2094 | D:2      | Reached skill level 1 in Conjurations
  2108 | D:2      | Killed Robin
  2108 | D:2      | Reached XP level 5. HP: 24/29 MP: 6/9
  2392 | D:3      | Reached skill level 5 in Earth Magic
  2522 | D:3      | Reached skill level 1 in Armour
  2662 | D:3      | Learned a level 5 spell: Lee's Rapid Deconstruction
  2829 | D:3      | Found a shadowy altar of Dithmenos.
  2998 | D:3      | Found a glowing golden altar of the Shining One.
  3247 | D:4      | Found an iron altar of Okawaru.
  3403 | D:4      | Noticed an ogre
  3407 | D:4      | Reached XP level 6. HP: 35/35 MP: 8/10
  3490 | D:4      | Found a staircase to the Ecumenical Temple.
  3497 | Temple   | Entered the Ecumenical Temple
  3540 | Temple   | Became a worshipper of Makhleb the Destroyer
  3727 | D:4      | Found a radiant altar of Vehumet.
  3768 | D:4      | Found Qaolib's Weapon Shop.
  4059 | D:5      | Entered Level 5 of the Dungeon
  4067 | D:5      | Reached skill level 1 in Evocations
  4222 | D:5      | Reached XP level 7. HP: 40/40 MP: 7/11
  4326 | D:5      | Reached skill level 1 in Invocations
  4425 | D:5      | Reached * piety under Makhleb
  4666 | D:5      | Found a snail-covered altar of Cheibriados.
  5091 | D:5      | Reached XP level 8. HP: 46/46 MP: 8/13
  5136 | D:5      | Reached skill level 6 in Earth Magic
  5763 | D:6      | Reached ** piety under Makhleb
  5763 | D:6      | Reached skill level 1 in Staves
  5860 | D:6      | Reached skill level 7 in Earth Magic
  5860 | D:6      | Reached XP level 9. HP: 51/51 MP: 13/15
  6373 | D:7      | Found an ancient bone altar of Kikubaaqudgha.
  6442 | D:7      | Found a shattered altar of Ashenzari.
  6578 | D:7      | Reached skill level 5 in Conjurations
  7187 | D:8      | Reached skill level 8 in Earth Magic
  7324 | D:8      | Found a staircase to the Lair.
  7480 | D:8      | Reached skill level 5 in Spellcasting
  7671 | D:8      | Reached *** piety under Makhleb
  7722 | D:8      | Noticed a two-headed ogre
  7727 | D:8      | Killed a two-headed ogre
  7727 | D:8      | Reached skill level 5 in Fighting
  7727 | D:8      | Reached XP level 10. HP: 59/59 MP: 11/17
  7752 | D:8      | Found Xyocutio's Gadget Boutique.
  7870 | D:8      | Reached skill level 9 in Earth Magic
  7877 | D:8      | Noticed Erica
  7944 | D:8      | Found a faded altar of an unknown god.
  7944 | D:8      | Found a stormy altar of Qazlal.
  7955 | D:8      | Reached skill level 5 in Invocations
  7996 | D:8      | Found a hide-covered altar of Uskayaw.
  7998 | D:8      | Found an ornate altar of the Wu Jian Council.
  7999 | D:8      | Found a faded altar of an unknown god.
  8296 | D:8      | Found a deep blue altar of Sif Muna.
  8521 | D:9      | Noticed a cyclops
  8601 | D:9      | Killed a cyclops
  9528 | D:9      | Found a basalt altar of Yredelemnul.
  9606 | D:9      | Reached skill level 10 in Earth Magic
  9981 | D:10     | Entered Level 10 of the Dungeon
 10004 | D:10     | Got a transparent short sword {don't train}
 10141 | D:10     | Reached XP level 11. HP: 64/64 MP: 8/20
 10351 | D:10     | Noticed H0rd4k's ghost (journeyman DEWz)
 10356 | D:10     | Found a runed translucent door.
 10452 | D:10     | Identified the cursed +1 short sword "Ohobreose" {pierce,
                  | rC+, don't train} (You found it on level 10 of the Dungeon)
 10550 | D:10     | Noticed Sonja
 10557 | D:10     | Killed Sonja
 10557 | D:10     | Reached skill level 5 in Staves
 11072 | D:10     | Got a shimmering war axe {don't train}
 11137 | D:10     | Killed H0rd4k's ghost
 11137 | D:10     | Reached **** piety under Makhleb
 11180 | D:11     | Noticed Nergalle
 11189 | D:11     | Killed Nergalle
 11189 | D:11     | Reached skill level 5 in Armour
 11192 | D:11     | Identified the +9 war axe of Quantum Leap {venom, Int+7,
                  | don't train} (You found it on level 10 of the Dungeon)
 11395 | D:11     | Found a staircase to the Orcish Mines.
 11434 | D:11     | Noticed a seven-headed hydra
 11439 | D:11     | Killed a seven-headed hydra
 11769 | D:11     | Noticed a manticore
 11774 | D:11     | Killed a manticore
 12252 | D:11     | Noticed Snorg
 12260 | D:11     | Killed Snorg
 12297 | D:11     | Reached XP level 12. HP: 72/72 MP: 15/22
 12622 | D:8      | Killed Erica
 12622 | D:8      | Reached skill level 11 in Earth Magic
 12824 | D:12     | Noticed a death knight
 12835 | D:12     | Killed a death knight
 13376 | D:12     | Noticed a two-headed ogre
 13390 | D:12     | Killed a two-headed ogre
 13967 | D:12     | Identified a scroll of acquirement
 13970 | D:12     | Got a shimmering cloak
 13984 | D:12     | Identified the +0 cloak of Hepliaklqana {-Tele Int+7} (You
                  | acquired it on level 12 of the Dungeon)
 14055 | Orc:1    | Entered Level 1 of the Orcish Mines
 14099 | D:11     | Learned a level 2 spell: Sticks to Snakes
 14102 | D:11     | Learned a level 2 spell: Passwall
 14107 | D:11     | Learned a level 4 spell: Petrify
 14187 | Orc:1    | Reached skill level 1 in Transmutations
 14616 | Orc:1    | Found a transporter.
 14623 | Orc:1    | Found a transporter.
 14697 | Orc:1    | Noticed Efelesua's ghost (journeyman MiBe)
 15072 | Orc:2    | Entered Level 2 of the Orcish Mines
 15072 | Orc:2    | Found a staircase to the Elven Halls.
 15132 | Orc:1    | Reached skill level 12 in Earth Magic
 15594 | Orc:2    | Reached XP level 13. HP: 64/80 MP: 4/25
 15618 | Orc:2    | Noticed Donald
 15640 | Orc:2    | Killed Donald
 15674 | Orc:2    | Noticed an orc warlord
 15692 | Orc:2    | Paralysed by an orc sorcerer for 2 turns
 16270 | Orc:2    | Found Gogrot's Jewellery Shop.
 16284 | Orc:2    | Bought a cursed ring of teleportation for 67 gold pieces
 16554 | Orc:2    | Killed an orc warlord
 16983 | Orc:2    | Found Ivian's Antique Armour Shop.
 17042 | Orc:2    | Found Siobb's General Store.
 17053 | Orc:2    | Bought 17 stones for 23 gold pieces
 17053 | Orc:2    | Bought a potion of curing for 42 gold pieces
 17053 | Orc:2    | Bought a potion of degeneration for 14 gold pieces
 17209 | Orc:2    | Found Wutij's Antique Weapon Emporium.
 17363 | Orc:2    | Bought a pair of gloves for 171 gold pieces
 17567 | D:13     | Learned a level 4 spell: Iskenderun's Mystic Blast
 17908 | D:13     | Noticed a vault guard
 18059 | D:13     | Killed a vault guard
 18085 | D:13     | Cast into level 2 of the Abyss (a wizard)
 18130 | Abyss:2  | Reached skill level 10 in Invocations
 18168 | Abyss:2  | Noticed a tentacled starspawn
 18171 | Abyss:2  | Killed a tentacled starspawn
 18188 | Abyss:2  | Reached skill level 10 in Fighting
 18424 | Abyss:2  | Noticed a Hell Sentinel
 18437 | Abyss:3  | Noticed an ogre mage
 18437 | Abyss:3  | Noticed a fire dragon
 18439 | Abyss:3  | Noticed a fire dragon
 18440 | Abyss:3  | Noticed an ogre mage
 18456 | Abyss:3  | Reached skill level 13 in Earth Magic
 18502 | Abyss:3  | Noticed a lich
 18670 | Abyss:3  | Gained mutation: Your large and strong wings let you fly
                  | indefinitely. [Gargoyle growth]
 18670 | Abyss:3  | Reached XP level 14. HP: 86/88 MP: 21/27
 18801 | D:13     | Escaped the Abyss
 19904 | D:13     | Reached skill level 10 in Conjurations
 20110 | D:13     | Found a gate to the Vaults.
 20401 | D:14     | Reached ***** piety under Makhleb
 20580 | D:14     | Reached skill level 5 in Transmutations
 20910 | D:14     | Found Demoote's Assorted Antiques.
 20916 | D:14     | Bought a scroll labeled SUQIFO BIMMAU for 28 gold pieces
 20916 | D:14     | Bought a tubular bronze ring for 140 gold pieces
 20923 | D:14     | Bought a glowing lajatang for 504 gold pieces
 21262 | D:15     | Entered Level 15 of the Dungeon
 21587 | D:15     | Found a staircase to the Depths.
 21617 | D:15     | Reached skill level 5 in Stealth
 21728 | D:14     | Reached skill level 10 in Spellcasting
 21982 | D:15     | Noticed a fire giant
 22011 | D:15     | Killed a fire giant
 22846 | D:15     | Reached skill level 14 in Earth Magic
 22863 | D:15     | Reached XP level 15. HP: 95/95 MP: 2/29
 23076 | D:14     | Demolished by a very large slime creature

Skill      XL: |  1  2  3  4  5  6  7  8  9 10 11 12 13 14 |
---------------+-------------------------------------------+-----
Earth Magic    | 4 5 7 8 10 12 13 14 | 14.0
Fighting       | 1 2 3 5 7 8 10 11 | 11.2
Stealth        | 3 4 5 |  5.0
Conjurations   | 1 2 3 4 6 7 8 9 10 | 10.0
Armour         | 1 2 3 4 5 |  5.0
Spellcasting   | 3 4 5 6 7 8 9 10 | 10.2
Evocations     | 1 2 3 |  3.0
Invocations    | 2 3 4 6 7 9 10 11 | 11.4
Staves         | 1 3 4 6 7 |  7.4
Transmutations | 2 4 5 |  5.0
Dodging        | |  1.5

Action                   |  1- 3 |  4- 6 |  7- 9 | 10-12 | 13-15 || total
-------------------------+-------+-------+-------+-------+-------++-------
Melee: Spear             |    27 |    10 |    33 |       |       ||    70
       Quarterstaff      |       |       |       |     6 |       ||     6
       War axe           |       |       |       |    39 |    53 ||    92
       Short sword       |       |       |       |     3 |       ||     3
       Lajatang          |       |       |       |       |     9 ||     9
 Fire: Hunting sling     |    26 |   141 |    85 |    77 |       ||   329
Throw: Stone             |     2 |       |       |    19 |    20 ||    41
 Cast: Sandblast         |    11 |    54 |   101 |   175 |    84 ||   425
       Stone Arrow       |     1 |     2 |    61 |   164 |   146 ||   374
       Lee's Rapid Decon |       |       |       |    20 |   153 ||   173
       Petrify           |       |       |       |     3 |    20 ||    23
       Iskenderun's Myst |       |       |       |       |     6 ||     6
Invok: Lesser Servant of |       |       |       |    17 |    24 ||    41
 Abil: Fly               |       |       |       |       |     1 ||     1
Evoke: Wand              |       |       |     7 |     6 |     6 ||    19
  Use: Scroll            |       |     5 |     5 |     9 |    15 ||    34
       Potion            |       |       |       |       |     7 ||     7
 Stab: Paralysed         |       |       |       |     3 |     3 ||     6
       Petrified         |       |       |       |     5 |    10 ||    15
       Sleeping          |       |       |       |       |     1 ||     1
  Eat: Chunk             |     2 |     9 |    15 |    28 |    27 ||    81
       Ration            |       |       |       |     1 |     5 ||     6
Armor: Robe              |     9 |     9 |       |    11 |    94 ||   123
       Leather armour    |       |    15 |    75 |     6 |       ||    96
       Troll leather arm |       |       |       |    70 |    13 ||    83
       Skin              |       |       |       |       |     5 ||     5
Dodge: Dodged            |    25 |    23 |    65 |   120 |   147 ||   380
       Deflected         |       |       |       |    16 |     9 ||    25

Levels and vault maps discovered:
D:1:      lemuel_arrival_broad_hall, layout_basic
D:2:      layout_basic, nicolae_overflow_crystal_walls, minmay_crystal_water,
          grunt_decor_fettered, uniq_jessica, uniq_robin
D:3:      layout_rooms, grunt_dithmenos_smoke_and_mirrors,
          nicolae_tso_carved_into_rock, first_ration
D:4:      layout_basic, nicolae_overflow_hidden_temple,
          kennysheep_okawaru_gauntlet, temple_green, serial_shops,
          nicolae_shop_waterfront
D:5:      layout_cave_pools, old_standard_altar, serial_gnoll_camp,
          gnoll_camp_mini_house, gnoll_camp_mini_doghouse,
          gnoll_camp_mini_house, gnoll_camp_mini_basic
D:6:      layout_rooms
D:7:      layout_rooms, nicolae_ashenzari_panopticon,
          lemuel_zombie_altar_kikubaaqudgha
D:8:      layout_basic, tgw_sif, chequers_temple_overflow_minitemple,
          grunt_lair_entry_orc_guard_hut, serial_shops, shop,
          palyth_stone_intersect, uniq_erica
D:9:      layout_loops_corners, kennysheep_mini_moat, the_bakery,
          minmay_diced_spiral
D:10:     layout_gridville, hellmonk_ghost_happy_afterlife, uniq_sonja
D:11:     minmay_distorted_concentric_squares, layout_stronghold, orc_0_dummy,
          uniq_nergalle, uniq_snorg
D:12:     layout_grid_maze, elves_outpost_lemuel
D:13:     layout_roguey, grunt_vaults_entry_fortified
D:14:     layout_long_grid, serial_shops, shop, serial_park_square3
          [serial_park_minivault_5x5_1]
D:15:     grunt_enter_depths_giant_problem, layout_layer_cave, nicolae_wwwww,
          minmay_fractal_squares_gapless_7
Temple:   jpeg_temple_island
Orc:1:    layout_diamond_mine, gammafunk_ghost_berserking_beasts
Orc:2:    grunt_orc_gardens, layout_caves, grunt_orc_garden, grunt_orc_garden,
          grunt_orc_garden, grunt_orc_garden, uniq_donald
Abyss:2:  eino_small_chamber_without_monster
Abyss:3:  hangedman_abyss_batty_box, due_evilmike_abyss_rune_seething_liches
